Carnivores vs Sewer Rats
Created - February 27, 2020 at 23:06
Goals
|
| Carnivores |
2 |
1 |
0 |
3 |
| Sewer Rats |
1 |
1 |
2 |
4 |
|
Shots
|
| Carnivores |
16 |
13 |
5 |
34 |
| Sewer Rats |
13 |
17 |
9 |
39 |
|
1st period
1. Carnivores , Joel Armia 16 (Christian Djoos 2, Anton Gustafsson 34) at 3:44
2. Sewer Rats , Tomas Tatar 29 (Vincent Trocheck 48, Erik Condra 30) at 17:39
3. Carnivores , Chris Lawrence 26 (Markus Granlund 35, David Fischer 24) at 18:15
Penalties :
No Penalty
2nd period
4. Carnivores , Oskar Lindblom 5 (Chris Lawrence 41) at 9:16
5. Sewer Rats , Dmitrij Jaskin 20 (Nick Cousins 25, Joel Edmundson 23) at 12:24
Penalties :
Markus Granlund (Bre) for Tripping (Minor) at 14:46
3rd period
6. Sewer Rats , Tomas Tatar 30 (Vincent Trocheck 49) at 1:34 (SH)
7. Sewer Rats , Erik Condra 30 (Tomas Tatar 26, Vincent Trocheck 50) at 11:34
Penalties :
Tyler Motte (Tol) for Hooking (Minor) at 1:21, Jarred Tinordi (Tol) for Tripping (Minor) at 5:27, Nicolas Kerdiles (Bre) for Slashing (Minor) at 12:22, Stefan Elliott (Tol) for Hooking (Minor) at 19:56
Goalie Stats
Niklas Svedberg (Bre), 35 saves from 39 shots - (0.897), L, 14-16-2, 59:27 minutes
Darcy Kuemper (Tol), 31 saves from 34 shots - (0.912), W, 5-8-3, 60:00 minutes
Players Stats for Carnivores
Player Name G A P +/- PIM S H SB GA TA FO MP PP MP PK MP
------------------------------------------------------------------------------------
Adam Almquist 0 0 0 0 0 0 0 0 0 0 0/0 6:29 0:00 0:00
Anton Gustafsson 0 1 1 -1 0 5 2 0 0 0 17/28 21:26 2:10 2:23
Blake Geoffrion 0 0 0 -1 0 6 1 0 0 0 1/2 19:52 2:10 0:32
Chris Lawrence 1 1 2 1 0 3 1 1 1 0 1/1 17:38 1:51 0:00
Christian Djoos 0 1 1 0 0 0 0 0 0 0 0/0 13:01 0:00 2:06
Curtis Lazar 0 0 0 0 0 1 2 0 0 0 4/7 11:05 0:00 0:00
David Fischer 0 1 1 -2 0 1 2 1 0 0 0/0 23:14 2:38 1:40
Hunter Shinkaruk 0 0 0 0 0 0 0 0 0 0 0/0 1:38 0:00 1:24
Jeremy Welsh 0 0 0 -1 0 3 3 0 0 0 0/0 10:46 1:51 0:00
Joel Armia 1 0 1 -1 0 3 1 1 1 0 2/2 18:05 2:10 0:00
Lucas Wallmark 0 0 0 -1 0 1 0 0 0 0 3/7 9:30 0:00 0:17
Mark McNeill 0 0 0 0 0 2 0 0 0 0 0/0 12:26 0:00 1:08
Markus Granlund 0 1 1 1 2 1 1 0 0 0 6/13 17:08 1:51 0:47
Mat Clark 0 0 0 1 0 1 0 3 0 0 0/0 18:56 1:23 1:52
Mattias Backman 0 0 0 0 0 1 0 0 0 0 0/0 11:00 0:00 0:12
Nicolas Kerdiles 0 0 0 0 2 1 2 1 2 1 0/0 13:04 0:00 1:25
Oskar Lindblom 1 0 1 1 0 3 0 0 0 0 0/0 14:35 0:00 0:00
Riley Barber 0 0 0 -1 0 0 0 0 0 0 0/0 8:47 0:00 0:00
T.J Brodie 0 0 0 1 0 1 2 0 2 1 0/0 19:17 1:23 2:06
Tony DeAngelo 0 0 0 -2 0 1 2 1 0 2 0/0 21:34 2:38 0:00
Trevor Van Riemsdyk 0 0 0 0 0 0 0 0 0 1 0/0 6:29 0:00 0:00
Players Stats for Sewer Rats
Player Name G A P +/- PIM S H SB GA TA FO MP PP MP PK MP
------------------------------------------------------------------------------------
Anthony Duclair 0 0 0 0 0 4 0 0 1 0 0/0 7:44 0:00 0:00
Connor Carrick 0 0 0 -1 0 0 0 2 0 0 0/0 6:23 0:00 0:15
Daniel Carr 0 0 0 -1 0 1 0 0 1 0 0/0 17:20 1:15 0:51
Dmitrij Jaskin 1 0 1 0 0 2 1 1 1 0 0/1 11:54 0:27 0:00
Erik Condra 1 1 2 1 0 2 1 0 0 0 0/2 20:47 2:16 0:55
Jarred Tinordi 0 0 0 0 2 2 2 0 0 2 0/0 23:48 2:16 1:06
Joel Edmundson 0 1 1 2 0 1 2 2 0 0 0/0 17:48 1:42 1:40
John Ramage 0 0 0 0 0 2 2 1 0 0 0/0 12:39 0:00 1:15
Jonathan Marchessault 0 0 0 -1 0 4 2 0 1 0 5/10 18:11 1:15 0:55
Joseph Blandisi 0 0 0 0 0 2 1 0 0 2 1/3 11:52 0:12 0:40
Josh Archibald 0 0 0 0 0 0 0 0 0 0 0/0 8:29 0:20 0:00
Martin Frk 0 0 0 -1 0 2 1 0 0 0 0/0 16:29 1:15 0:00
Nick Cousins 0 1 1 0 0 1 1 0 0 0 1/4 11:32 0:28 0:11
Ryan Murphy 0 0 0 0 0 2 0 3 0 0 0/0 11:24 0:00 0:00
Stefan Elliott 0 0 0 0 2 1 1 1 1 1 0/0 24:54 2:16 2:21
Steven Kampfer 0 0 0 2 0 2 1 0 0 1 0/0 17:18 1:42 1:25
Tomas Tatar 2 1 3 2 0 4 1 0 0 0 1/2 21:50 2:10 2:15
Tyler Motte 0 0 0 0 2 1 3 0 0 0 2/5 7:45 0:00 0:00
Vincent Trocheck 0 3 3 2 0 6 5 3 0 0 16/33 21:56 2:16 2:15
Xavier Ouellet 0 0 0 -1 0 0 0 0 0 0 0/0 5:53 0:00 0:00
3 Stars
1 - Tomas Tatar (Tol)
2 - Vincent Trocheck (Tol)
3 - Erik Condra (Tol)
Power Play
Carnivores - 0 on 3 Attempt(s) - 0.00%
Sewer Rats - 0 on 2 Attempt(s) - 0.00%
Penalty Kill
Carnivores - 2 on 2 Attempt(s) - 100.00%
- Score 0 goal in Penalty Kill
Sewer Rats - 3 on 3 Attempt(s) - 100.00%
- Score 1 goal in Penalty Kill
Team Stat
Carnivores - Hits : 19 - Faceoff Wins : 34 - Blocked Shots : 8 - Penalty Minutes : 4
Sewer Rats - Hits : 24 - Faceoff Wins : 26 - Blocked Shots : 13 - Penalty Minutes : 6
Official
Referees : Unknown
Linesman : Unknown
Game Notes
No Game Note
Finance
Level 1 -- Attendance: 1595 (79.75%) -- Ticket Income $55,825
Level 2 -- Attendance: 946 (94.60%) -- Ticket Income $16,082
Total Attendance: 2541 (84.70%)
Total Ticket Income: $71,907
Other Income: $3,595
Total Income: $75,502
Carnivores
5 vs 5 Forward
Center Left Wing Right Wing Time % Phy DF OF
1 Anton Gustafsson Blake Geoffrion Joel Armia 40 0 2 2
2 Markus Granlund Oskar Lindblom Chris Lawrence 30 1 2 2
3 Curtis Lazar Nicolas Kerdiles Mark McNeill 20 1 2 2
4 Lucas Wallmark Jeremy Welsh Riley Barber 10 1 2 2
5 vs 5 Defense
Defense Defense Time % Phy DF OF
1 David Fischer Tony DeAngelo 40 1 2 2
2 Mat Clark T.J Brodie 30 1 2 2
3 Christian Djoos Mattias Backman 20 1 2 2
4 Trevor Van Riemsdyk Adam Almquist 10 1 2 2
PowerPlay Forward
Center Left Wing Right Wing Time % Phy DF OF
1 Anton Gustafsson Blake Geoffrion Joel Armia 60 1 2 2
2 Markus Granlund Jeremy Welsh Chris Lawrence 40 1 2 2
PowerPlay Defense
Defense Defense Time % Phy DF OF
1 Tony DeAngelo David Fischer 60 1 2 2
2 Mat Clark T.J Brodie 40 1 2 2
Penalty Kill 4 Players Forward
Center Wing Time % Phy DF OF
1 Anton Gustafsson Nicolas Kerdiles 60 1 2 2
2 Markus Granlund Chris Lawrence 40 1 2 2
Penalty Kill 4 Players Defense
Defense Defense Time % Phy DF OF
1 Mat Clark David Fischer 60 1 2 2
2 Christian Djoos T.J Brodie 40 1 2 2
Penalty Kill - 3 Players Forward
Forward Time % Phy DF OF
1 Chris Lawrence 60 1 2 2
2 Anton Gustafsson 40 1 2 2
Penalty Kill - 3 Players Defense
Defense Defense Time % Phy DF OF
1 Mat Clark David Fischer 60 1 2 2
2 Christian Djoos T.J Brodie 40 1 2 2
4 vs 4 Forward
Center Wing Time % Phy DF OF
1 Anton Gustafsson Chris Lawrence 60 1 3 1
2 Markus Granlund Nicolas Kerdiles 40 1 3 1
4 vs 4 Defense
Defense Defense Time % Phy DF OF
1 David Fischer Tony DeAngelo 60 1 4 0
2 Mat Clark T.J Brodie 40 1 4 0
Last Minutes Offensive
Center Left Wing Right Wing Defense Defense
Anton Gustafsson Blake Geoffrion Chris Lawrence Tony DeAngelo David Fischer
Last Minutes Defensive
Center Left Wing Right Wing Defense Defense
Anton Gustafsson Nicolas Kerdiles Chris Lawrence Mat Clark David Fischer
Goaltenders
Starting : Niklas Svedberg
Backup : Tristan Jarry
Extra Forwards
Normal : Hunter Shinkaruk, Nicolas Kerdiles, Mark McNeill - PP : Hunter Shinkaruk, Curtis Lazar - PK : Mark McNeill
Extra Defensemen
Normal : Mattias Backman, Trevor Van Riemsdyk, Adam Almquist - PP : David Fischer - PK : Mattias Backman, Christian Djoos
Penalty Shots
Blake Geoffrion, Anton Gustafsson, Markus Granlund, Joel Armia, Oskar Lindblom
Scratches
Scott Laughton (Bruised Right Shoulder Injury), Ryan Olsen (Healthy), Stanislav Galiev (Healthy), Mark MacMillan (Healthy), Troy Bourke (Healthy)
Alexandre Mallet (Healthy), Andreas Englund (Sprained Left Ankle Injury), Josh Wesley (Healthy), Linus Ullmark (Healthy)
Sewer Rats
5 vs 5 Forward
Center Left Wing Right Wing Time % Phy DF OF
1 Vincent Trocheck Tomas Tatar Erik Condra 40 1 2 2
2 Jonathan Marchessault Daniel Carr Martin Frk 30 1 2 2
3 Nick Cousins Joseph Blandisi Dmitrij Jaskin 20 1 2 2
4 Tyler Motte Anthony Duclair Josh Archibald 10 1 2 2
5 vs 5 Defense
Defense Defense Time % Phy DF OF
1 Stefan Elliott Jarred Tinordi 40 1 2 2
2 Steven Kampfer Joel Edmundson 30 1 2 2
3 Ryan Murphy John Ramage 20 1 2 2
4 Connor Carrick Xavier Ouellet 10 1 2 2
PowerPlay Forward
Center Left Wing Right Wing Time % Phy DF OF
1 Vincent Trocheck Tomas Tatar Erik Condra 60 1 2 2
2 Jonathan Marchessault Daniel Carr Martin Frk 40 1 2 2
PowerPlay Defense
Defense Defense Time % Phy DF OF
1 Stefan Elliott Jarred Tinordi 60 1 2 2
2 Steven Kampfer Joel Edmundson 40 1 2 2
Penalty Kill 4 Players Forward
Center Wing Time % Phy DF OF
1 Tomas Tatar Vincent Trocheck 60 1 2 2
2 Erik Condra Jonathan Marchessault 40 1 2 2
Penalty Kill 4 Players Defense
Defense Defense Time % Phy DF OF
1 Stefan Elliott Jarred Tinordi 60 1 2 2
2 Steven Kampfer Joel Edmundson 40 1 2 2
Penalty Kill - 3 Players Forward
Forward Time % Phy DF OF
1 Tomas Tatar 60 1 2 2
2 Vincent Trocheck 40 1 2 2
Penalty Kill - 3 Players Defense
Defense Defense Time % Phy DF OF
1 Stefan Elliott Jarred Tinordi 60 1 2 2
2 Steven Kampfer Joel Edmundson 40 1 2 2
4 vs 4 Forward
Center Wing Time % Phy DF OF
1 Tomas Tatar Vincent Trocheck 60 1 2 2
2 Erik Condra Jonathan Marchessault 40 1 2 2
4 vs 4 Defense
Defense Defense Time % Phy DF OF
1 Stefan Elliott Jarred Tinordi 60 1 2 2
2 Steven Kampfer Joel Edmundson 40 1 2 2
Last Minutes Offensive
Center Left Wing Right Wing Defense Defense
Vincent Trocheck Tomas Tatar Erik Condra Stefan Elliott Jarred Tinordi
Last Minutes Defensive
Center Left Wing Right Wing Defense Defense
Vincent Trocheck Tomas Tatar Erik Condra Stefan Elliott Jarred Tinordi
Goaltenders
Starting : Darcy Kuemper
Backup : Marek Mazanek
Extra Forwards
Normal : Nick Cousins, Dmitrij Jaskin, Joseph Blandisi - PP : Nick Cousins, Dmitrij Jaskin - PK : Joseph Blandisi
Extra Defensemen
Normal : Ryan Murphy, John Ramage, Connor Carrick - PP : Ryan Murphy - PK : John Ramage, Connor Carrick
Penalty Shots
Tomas Tatar, Vincent Trocheck, Erik Condra, Jonathan Marchessault, Daniel Carr
Scratches
Dominik Kubalik (Healthy), Jonathan Racine (Healthy), Chris Calhan (Healthy), Jared McCann (Abdominal Strain Injury), Mark Friedman (Healthy)
Michael Dal Colle (Healthy), Matteson Iacopelli (Healthy), Sergei Kostenko (Healthy), Antoine Bibeau (Healthy)
% Time on Ice - Carnivores
Lines # - Real PCT - Wanted PCT - Time Play
Normal Forward
1 - 32% - 40% - 16:22
2 - 29% - 30% - 14:50
3 - 22% - 20% - 11:05
4 - 17% - 10% - 8:47
Normal Defense
1 - 37% - 40% - 18:56
2 - 29% - 30% - 14:51
3 - 21% - 20% - 10:48
4 - 13% - 10% - 6:29
PP Forward
1 - 54% - 60% - 2:10
2 - 46% - 40% - 1:51
PP Defense
1 - 66% - 60% - 2:38
2 - 34% - 40% - 1:23
PK Forward
1 - 100% - 60% - 3:58
2 - 0% - 40% - 0:00
PK Defense
1 - 47% - 60% - 1:52
2 - 53% - 40% - 2:06
PK3 Forward
1 - 0% - 60%
2 - 0% - 40%
PK3 Defense
1 - 0% - 60%
2 - 0% - 40%
44 Forward
1 - 0% - 60%
2 - 0% - 40%
44 Defense
1 - 0% - 60%
2 - 0% - 40%
Last Minute Offensive - 0:57
Last Minute Defensive - 0:00
Total
Forward - 60:00
Defense - 60:00
|
% Time on Ice - Sewer Rats
Lines # - Real PCT - Wanted PCT - Time Play
Normal Forward
1 - 33% - 40% - 16:40
2 - 32% - 30% - 16:36
3 - 20% - 20% - 10:05
4 - 15% - 10% - 7:44
Normal Defense
1 - 38% - 40% - 19:37
2 - 28% - 30% - 14:11
3 - 22% - 20% - 11:24
4 - 12% - 10% - 5:53
PP Forward
1 - 68% - 60% - 2:43
2 - 32% - 40% - 1:15
PP Defense
1 - 57% - 60% - 2:16
2 - 43% - 40% - 1:42
PK Forward
1 - 77% - 60% - 3:06
2 - 23% - 40% - 0:55
PK Defense
1 - 65% - 60% - 2:36
2 - 35% - 40% - 1:25
PK3 Forward
1 - 0% - 60%
2 - 0% - 40%
PK3 Defense
1 - 0% - 60%
2 - 0% - 40%
44 Forward
1 - 0% - 60%
2 - 0% - 40%
44 Defense
1 - 0% - 60%
2 - 0% - 40%
Last Minute Offensive - 0:00
Last Minute Defensive - 0:56
Total
Forward - 60:00
Defense - 60:00
|
Play-by-Play
1st period
0:01 of 1st period - Anton Gustafsson wins face-off versus Vincent Trocheck in neutral zone.
0:06 of 1st period - Snap shot by Joel Armia.
0:06 of 1st period - Deflect By Blake Geoffrion.
0:06 of 1st period - Stopped by Darcy Kuemper without a rebound.
0:07 of 1st period - Vincent Trocheck wins face-off versus Blake Geoffrion in Sewer Rats zone.
0:32 of 1st period - Icing by Joel Armia.
0:33 of 1st period - Markus Granlund wins face-off versus Jonathan Marchessault in Carnivores zone.
1:02 of 1st period - Wrist shot by Nicolas Kerdiles.
1:02 of 1st period - Shot Blocked by Joel Edmundson.
1:18 of 1st period - Snap shot by Anthony Duclair.
1:18 of 1st period - Shot Misses the Net.
1:45 of 1st period - Snap shot by Blake Geoffrion.
1:45 of 1st period - Shot Blocked by Ryan Murphy.
2:05 of 1st period - Snap shot by Jonathan Marchessault.
2:05 of 1st period - Stopped by Niklas Svedberg with a rebound.
2:43 of 1st period - Snap shot by Curtis Lazar.
2:43 of 1st period - Shot Misses the Net.
2:45 of 1st period - Slapshot by T.J Brodie.
2:45 of 1st period - Deflect By Jeremy Welsh.
2:45 of 1st period - Stopped by Darcy Kuemper with a rebound.
2:47 of 1st period - Snap shot by T.J Brodie.
2:47 of 1st period - Shot Blocked by Stefan Elliott.
2:53 of 1st period - Wrist shot by Jeremy Welsh.
2:53 of 1st period - Stopped by Darcy Kuemper without a rebound.
2:54 of 1st period - Jonathan Marchessault wins face-off versus Anton Gustafsson in Sewer Rats zone.
3:01 of 1st period - Icing by Joel Armia.
3:02 of 1st period - Blake Geoffrion wins face-off versus Jonathan Marchessault in Carnivores zone.
3:40 of 1st period - Backhand shot by Anton Gustafsson.
3:40 of 1st period - Stopped by Darcy Kuemper with a rebound.
3:42 of 1st period - Slapshot by Christian Djoos.
3:42 of 1st period - Shot Misses the Net.
3:44 of 1st period - Slapshot by Christian Djoos.
3:44 of 1st period - Deflect By Joel Armia.
3:44 of 1st period - Goal by Joel Armia - Carnivores : 1 - Sewer Rats : 0.
3:45 of 1st period - Vincent Trocheck wins face-off versus Markus Granlund in neutral zone.
3:50 of 1st period - Slapshot by Steven Kampfer.
3:50 of 1st period - Stopped by Niklas Svedberg with a rebound.
4:59 of 1st period - Wrist shot by Jeremy Welsh.
4:59 of 1st period - Stopped by Darcy Kuemper with a rebound.
5:01 of 1st period - Slapshot by David Fischer.
5:01 of 1st period - Stopped by Darcy Kuemper without a rebound.
5:02 of 1st period - Vincent Trocheck wins face-off versus Markus Granlund in Sewer Rats zone.
5:14 of 1st period - Slapshot by Chris Lawrence.
5:14 of 1st period - Stopped by Darcy Kuemper without a rebound.
5:15 of 1st period - Vincent Trocheck wins face-off versus Markus Granlund in Sewer Rats zone.
5:22 of 1st period - Christian Djoos is hit by Vincent Trocheck and loses puck.
5:26 of 1st period - Icing by Chris Lawrence.
5:27 of 1st period - Vincent Trocheck wins face-off versus Markus Granlund in Carnivores zone.
6:10 of 1st period - Snap shot by Markus Granlund.
6:10 of 1st period - Shot Misses the Net.
6:12 of 1st period - Wrist shot by Chris Lawrence.
6:12 of 1st period - Shot Misses the Net.
6:14 of 1st period - Slapshot by Mattias Backman.
6:14 of 1st period - Shot Hit the Post.
6:16 of 1st period - Wrist shot by Chris Lawrence.
6:16 of 1st period - Shot Misses the Net.
6:18 of 1st period - Slapshot by Chris Lawrence.
6:18 of 1st period - Shot Misses the Net.
6:20 of 1st period - Slapshot by Mattias Backman.
6:20 of 1st period - Shot Misses the Net.
6:22 of 1st period - Slapshot by Mattias Backman.
6:22 of 1st period - Stopped by Darcy Kuemper without a rebound.
6:23 of 1st period - Anton Gustafsson wins face-off versus Joseph Blandisi in Sewer Rats zone.
6:26 of 1st period - Snap shot by Anton Gustafsson.
6:26 of 1st period - Stopped by Darcy Kuemper with a rebound.
6:38 of 1st period - Snap shot by Joseph Blandisi.
6:38 of 1st period - Shot Blocked by Joel Armia.
6:52 of 1st period - Icing by Jonathan Marchessault.
6:53 of 1st period - Curtis Lazar wins face-off versus Jonathan Marchessault in Sewer Rats zone.
7:00 of 1st period - Wrist shot by Nicolas Kerdiles.
7:00 of 1st period - Shot Misses the Net.
7:20 of 1st period - Slapshot by Jonathan Marchessault.
7:20 of 1st period - Stopped by Niklas Svedberg with a rebound.
7:28 of 1st period - Slapshot by Daniel Carr.
7:28 of 1st period - Shot Misses the Net.
7:37 of 1st period - Backhand shot by Jonathan Marchessault.
7:37 of 1st period - Stopped by Niklas Svedberg with a rebound.
8:40 of 1st period - Snap shot by Jonathan Marchessault.
8:40 of 1st period - Shot Misses the Net.
8:42 of 1st period - Slapshot by John Ramage.
8:42 of 1st period - Shot Blocked by David Fischer.
8:44 of 1st period - Slapshot by Ryan Murphy.
8:44 of 1st period - Stopped by Niklas Svedberg without a rebound.
8:45 of 1st period - Vincent Trocheck wins face-off versus Anton Gustafsson in Carnivores zone.
8:48 of 1st period - Snap shot by Vincent Trocheck.
8:48 of 1st period - Stopped by Niklas Svedberg with a rebound.
8:50 of 1st period - Slapshot by Stefan Elliott.
8:50 of 1st period - Stopped by Niklas Svedberg with a rebound.
8:52 of 1st period - Snap shot by Tomas Tatar.
8:52 of 1st period - Shot Misses the Net.
8:54 of 1st period - Backhand shot by Jarred Tinordi.
8:54 of 1st period - Stopped by Niklas Svedberg with a rebound.
8:56 of 1st period - Snap shot by Erik Condra.
8:56 of 1st period - Deflect By Vincent Trocheck.
8:56 of 1st period - Shot Misses the Net.
8:56 of 1st period - Puck is out of play.
8:57 of 1st period - Anton Gustafsson wins face-off versus Vincent Trocheck in Carnivores zone.
9:02 of 1st period - Wrist shot by Joel Armia.
9:02 of 1st period - Stopped by Darcy Kuemper with a rebound.
9:12 of 1st period - Wrist shot by Tomas Tatar.
9:12 of 1st period - Shot Misses the Net.
9:22 of 1st period - Blake Geoffrion is hit by Tyler Motte and loses puck.
10:11 of 1st period - Snap shot by Vincent Trocheck.
10:11 of 1st period - Stopped by Niklas Svedberg with a rebound.
11:20 of 1st period - Vincent Trocheck is hit by Anton Gustafsson.
12:34 of 1st period - Nick Cousins is hit by Markus Granlund and loses puck.
13:13 of 1st period - Icing by Anthony Duclair.
13:14 of 1st period - Anton Gustafsson wins face-off versus Tyler Motte in Sewer Rats zone.
13:43 of 1st period - Wrist shot by Anthony Duclair.
13:43 of 1st period - Stopped by Niklas Svedberg with a rebound.
14:28 of 1st period - Wrist shot by Joel Armia.
14:28 of 1st period - Shot Misses the Net.
14:30 of 1st period - Wrist shot by Blake Geoffrion.
14:30 of 1st period - Shot Misses the Net.
14:32 of 1st period - Snap shot by Blake Geoffrion.
14:32 of 1st period - Stopped by Darcy Kuemper with a rebound.
15:15 of 1st period - Snap shot by Curtis Lazar.
15:15 of 1st period - Stopped by Darcy Kuemper with a rebound.
15:17 of 1st period - Snap shot by Mark McNeill.
15:17 of 1st period - Stopped by Darcy Kuemper with a rebound.
15:32 of 1st period - Dmitrij Jaskin is hit by Tony DeAngelo and loses puck.
15:55 of 1st period - Martin Frk is hit by Jeremy Welsh and loses puck.
16:06 of 1st period - Trevor Van Riemsdyk is hit by Tyler Motte and loses puck.
16:22 of 1st period - Icing by Anthony Duclair.
16:23 of 1st period - Vincent Trocheck wins face-off versus Curtis Lazar in Sewer Rats zone.
16:39 of 1st period - Snap shot by Erik Condra.
16:39 of 1st period - Shot Blocked by Mat Clark.
16:49 of 1st period - Connor Carrick is hit by Blake Geoffrion and loses puck.
16:54 of 1st period - Slapshot by Blake Geoffrion.
16:54 of 1st period - Stopped by Darcy Kuemper with a rebound.
16:56 of 1st period - Slapshot by David Fischer.
16:56 of 1st period - Shot Misses the Net.
16:58 of 1st period - Snap shot by Tony DeAngelo.
16:58 of 1st period - Shot Blocked by Connor Carrick.
17:00 of 1st period - Backhand shot by Anton Gustafsson.
17:00 of 1st period - Shot Blocked by Dmitrij Jaskin.
17:37 of 1st period - Slapshot by Vincent Trocheck.
17:37 of 1st period - Stopped by Niklas Svedberg with a rebound.
17:39 of 1st period - Snap shot by Tomas Tatar.
17:39 of 1st period - Goal by Tomas Tatar - Carnivores : 1 - Sewer Rats : 1.
17:40 of 1st period - Anton Gustafsson wins face-off versus Vincent Trocheck in neutral zone.
18:15 of 1st period - Wrist shot by Markus Granlund.
18:15 of 1st period - Deflect By Chris Lawrence.
18:15 of 1st period - Goal by Chris Lawrence - Carnivores : 2 - Sewer Rats : 1.
18:16 of 1st period - Vincent Trocheck wins face-off versus Anton Gustafsson in neutral zone.
18:24 of 1st period - Wrist shot by Erik Condra.
18:24 of 1st period - Shot Hit the Post.
18:26 of 1st period - Slapshot by Joel Edmundson.
18:26 of 1st period - Stopped by Niklas Svedberg without a rebound.
18:27 of 1st period - Vincent Trocheck wins face-off versus Anton Gustafsson in Carnivores zone.
18:58 of 1st period - Off-side.
18:59 of 1st period - Markus Granlund wins face-off versus Nick Cousins in neutral zone.
19:24 of 1st period - Jonathan Marchessault is hit by David Fischer and loses puck.
19:31 of 1st period - Wrist shot by Curtis Lazar.
19:31 of 1st period - Shot Misses the Net.
19:51 of 1st period - David Fischer is hit by Tomas Tatar.
Goals for this period are 2 for Carnivores vs 1 for Sewer Rats.
Shots for this period are 16 for Carnivores vs 13 for Sewer Rats.
2nd period
0:01 of 2nd period - Anton Gustafsson wins face-off versus Vincent Trocheck in neutral zone.
0:12 of 2nd period - Snap shot by Anton Gustafsson.
0:12 of 2nd period - Shot Blocked by Vincent Trocheck.
0:30 of 2nd period - Snap shot by Daniel Carr.
0:30 of 2nd period - Stopped by Niklas Svedberg without a rebound.
0:31 of 2nd period - Markus Granlund wins face-off versus Jonathan Marchessault in Carnivores zone.
0:31 of 2nd period - Markus Granlund is hit by Jonathan Marchessault.
0:41 of 2nd period - Wrist shot by Jonathan Marchessault.
0:41 of 2nd period - Shot Misses the Net.
0:43 of 2nd period - Slapshot by Steven Kampfer.
0:43 of 2nd period - Shot Misses the Net.
0:45 of 2nd period - Snap shot by Martin Frk.
0:45 of 2nd period - Stopped by Niklas Svedberg without a rebound.
0:46 of 2nd period - Anton Gustafsson wins face-off versus Vincent Trocheck in Carnivores zone.
1:33 of 2nd period - Off-side.
1:34 of 2nd period - Jonathan Marchessault wins face-off versus Lucas Wallmark in neutral zone.
2:01 of 2nd period - Slapshot by Ryan Murphy.
2:01 of 2nd period - Stopped by Niklas Svedberg with a rebound.
2:03 of 2nd period - Slapshot by John Ramage.
2:03 of 2nd period - Stopped by Niklas Svedberg without a rebound.
2:04 of 2nd period - Anton Gustafsson wins face-off versus Tyler Motte in Carnivores zone.
2:17 of 2nd period - Snap shot by Anthony Duclair.
2:17 of 2nd period - Shot Misses the Net.
2:19 of 2nd period - Slapshot by John Ramage.
2:19 of 2nd period - Stopped by Niklas Svedberg with a rebound.
2:34 of 2nd period - Slapshot by Markus Granlund.
2:34 of 2nd period - Shot Blocked by Joel Edmundson.
3:20 of 2nd period - Wrist shot by Anton Gustafsson.
3:20 of 2nd period - Shot Hit the Post.
3:32 of 2nd period - Snap shot by Dmitrij Jaskin.
3:32 of 2nd period - Stopped by Niklas Svedberg without a rebound.
3:33 of 2nd period - Lucas Wallmark wins face-off versus Nick Cousins in Carnivores zone.
3:33 of 2nd period - Lucas Wallmark is hit by Jarred Tinordi.
4:04 of 2nd period - Snap shot by Blake Geoffrion.
4:04 of 2nd period - Stopped by Darcy Kuemper with a rebound.
4:06 of 2nd period - Snap shot by Anton Gustafsson.
4:06 of 2nd period - Stopped by Darcy Kuemper without a rebound.
4:07 of 2nd period - Anton Gustafsson wins face-off versus Vincent Trocheck in Sewer Rats zone.
4:54 of 2nd period - Wrist shot by Martin Frk.
4:54 of 2nd period - Stopped by Niklas Svedberg with a rebound.
5:00 of 2nd period - Wrist shot by Martin Frk.
5:00 of 2nd period - Shot Blocked by Mat Clark.
5:02 of 2nd period - Snap shot by Daniel Carr.
5:02 of 2nd period - Shot Blocked by Mat Clark.
5:04 of 2nd period - Wrist shot by Jarred Tinordi.
5:04 of 2nd period - Shot Blocked by Nicolas Kerdiles.
6:04 of 2nd period - Slapshot by Chris Lawrence.
6:04 of 2nd period - Shot Misses the Net.
6:06 of 2nd period - Slapshot by Oskar Lindblom.
6:06 of 2nd period - Stopped by Darcy Kuemper with a rebound.
6:29 of 2nd period - Daniel Carr is hit by Curtis Lazar.
6:43 of 2nd period - Slapshot by Steven Kampfer.
6:43 of 2nd period - Stopped by Niklas Svedberg with a rebound.
7:20 of 2nd period - Christian Djoos is hit by Steven Kampfer and loses puck.
7:57 of 2nd period - Connor Carrick is hit by Tony DeAngelo and loses puck.
8:04 of 2nd period - John Ramage is hit by Joel Armia and loses puck.
8:14 of 2nd period - Icing by John Ramage.
8:15 of 2nd period - Tyler Motte wins face-off versus Lucas Wallmark in Sewer Rats zone.
8:26 of 2nd period - Slapshot by Tomas Tatar.
8:26 of 2nd period - Stopped by Niklas Svedberg with a rebound.
8:28 of 2nd period - Slapshot by Tomas Tatar.
8:28 of 2nd period - Deflect By Vincent Trocheck.
8:28 of 2nd period - Stopped by Niklas Svedberg with a rebound.
9:06 of 2nd period - Icing by T.J Brodie.
9:07 of 2nd period - Vincent Trocheck wins face-off versus Markus Granlund in Carnivores zone.
9:16 of 2nd period - Wrist shot by Chris Lawrence.
9:16 of 2nd period - Deflect By Oskar Lindblom.
9:16 of 2nd period - Goal by Oskar Lindblom - Carnivores : 3 - Sewer Rats : 1.
9:17 of 2nd period - Vincent Trocheck wins face-off versus Anton Gustafsson in neutral zone.
9:47 of 2nd period - Snap shot by Daniel Carr.
9:47 of 2nd period - Shot Blocked by Tony DeAngelo.
10:07 of 2nd period - Joseph Blandisi is hit by Curtis Lazar and loses puck.
11:06 of 2nd period - T.J Brodie is hit by Joseph Blandisi.
11:26 of 2nd period - Wrist shot by Nick Cousins.
11:26 of 2nd period - Stopped by Niklas Svedberg without a rebound.
11:27 of 2nd period - Jonathan Marchessault wins face-off versus Curtis Lazar in Carnivores zone.
12:24 of 2nd period - Snap shot by Dmitrij Jaskin.
12:24 of 2nd period - Goal by Dmitrij Jaskin - Carnivores : 3 - Sewer Rats : 2.
12:25 of 2nd period - Anton Gustafsson wins face-off versus Vincent Trocheck in neutral zone.
12:32 of 2nd period - Slapshot by T.J Brodie.
12:32 of 2nd period - Stopped by Darcy Kuemper without a rebound.
12:33 of 2nd period - Vincent Trocheck wins face-off versus Anton Gustafsson in Sewer Rats zone.
12:33 of 2nd period - Vincent Trocheck is hit by T.J Brodie.
12:49 of 2nd period - Wrist shot by Vincent Trocheck.
12:49 of 2nd period - Shot Misses the Net.
12:51 of 2nd period - Slapshot by Jarred Tinordi.
12:51 of 2nd period - Stopped by Niklas Svedberg with a rebound.
12:53 of 2nd period - Wrist shot by Vincent Trocheck.
12:53 of 2nd period - Shot Misses the Net.
12:55 of 2nd period - Slapshot by Vincent Trocheck.
12:55 of 2nd period - Stopped by Niklas Svedberg without a rebound.
12:56 of 2nd period - Jonathan Marchessault wins face-off versus Markus Granlund in Carnivores zone.
13:01 of 2nd period - Snap shot by Daniel Carr.
13:01 of 2nd period - Shot Blocked by Chris Lawrence.
13:03 of 2nd period - Snap shot by Jonathan Marchessault.
13:03 of 2nd period - Shot Misses the Net.
13:05 of 2nd period - Wrist shot by Jonathan Marchessault.
13:05 of 2nd period - Stopped by Niklas Svedberg without a rebound.
13:06 of 2nd period - Chris Lawrence wins face-off versus Jonathan Marchessault in Carnivores zone.
13:47 of 2nd period - Daniel Carr is hit by Chris Lawrence and loses puck.
14:27 of 2nd period - Wrist shot by Martin Frk.
14:27 of 2nd period - Shot Misses the Net.
14:46 of 2nd period - Minor Penalty to Markus Granlund for Tripping.
14:47 of 2nd period - Anton Gustafsson wins face-off versus Vincent Trocheck in Carnivores zone.
15:05 of 2nd period - Christian Djoos is hit by Vincent Trocheck and loses puck.
15:56 of 2nd period - Slapshot by Mat Clark.
15:56 of 2nd period - Stopped by Darcy Kuemper without a rebound.
15:57 of 2nd period - Lucas Wallmark wins face-off versus Vincent Trocheck in Sewer Rats zone.
16:04 of 2nd period - Slapshot by Lucas Wallmark.
16:04 of 2nd period - Stopped by Darcy Kuemper without a rebound.
16:05 of 2nd period - Vincent Trocheck wins face-off versus Anton Gustafsson in Sewer Rats zone.
16:10 of 2nd period - Mat Clark is hit by Vincent Trocheck and loses puck.
16:39 of 2nd period - Nicolas Kerdiles is hit by Martin Frk and loses puck.
16:46 of 2nd period - Penalty to Markus Granlund is over, Markus Granlund is back on ice.
16:51 of 2nd period - Icing by Dmitrij Jaskin.
16:52 of 2nd period - Nick Cousins wins face-off versus Lucas Wallmark in Sewer Rats zone.
17:07 of 2nd period - Slapshot by Jarred Tinordi.
17:07 of 2nd period - Shot Misses the Net.
17:23 of 2nd period - Snap shot by Chris Lawrence.
17:23 of 2nd period - Shot Blocked by Ryan Murphy.
17:25 of 2nd period - Wrist shot by Markus Granlund.
17:25 of 2nd period - Shot Misses the Net.
17:27 of 2nd period - Slapshot by Markus Granlund.
17:27 of 2nd period - Stopped by Darcy Kuemper with a rebound.
17:38 of 2nd period - Icing by Erik Condra.
17:39 of 2nd period - Anton Gustafsson wins face-off versus Vincent Trocheck in Sewer Rats zone.
17:46 of 2nd period - Slapshot by Blake Geoffrion.
17:46 of 2nd period - Stopped by Darcy Kuemper with a rebound.
18:04 of 2nd period - Wrist shot by Mark McNeill.
18:04 of 2nd period - Stopped by Darcy Kuemper with a rebound.
18:06 of 2nd period - Snap shot by Nicolas Kerdiles.
18:06 of 2nd period - Shot Misses the Net.
18:30 of 2nd period - T.J Brodie is hit by Jarred Tinordi and loses puck.
18:47 of 2nd period - Snap shot by Blake Geoffrion.
18:47 of 2nd period - Stopped by Darcy Kuemper with a rebound.
18:49 of 2nd period - Slapshot by Anton Gustafsson.
18:49 of 2nd period - Stopped by Darcy Kuemper without a rebound.
18:50 of 2nd period - Joel Armia wins face-off versus Vincent Trocheck in Sewer Rats zone.
19:15 of 2nd period - Snap shot by Joel Armia.
19:15 of 2nd period - Stopped by Darcy Kuemper with a rebound.
19:17 of 2nd period - Slapshot by Mattias Backman.
19:17 of 2nd period - Shot Blocked by Connor Carrick.
19:23 of 2nd period - Snap shot by Anton Gustafsson.
19:23 of 2nd period - Deflect By Joel Armia.
19:23 of 2nd period - Shot Misses the Net.
19:23 of 2nd period - Puck is out of play.
19:24 of 2nd period - Markus Granlund wins face-off versus Nick Cousins in Sewer Rats zone.
19:31 of 2nd period - Tony DeAngelo is hit by Dmitrij Jaskin and loses puck.
19:38 of 2nd period - Slapshot by Joseph Blandisi.
19:38 of 2nd period - Stopped by Niklas Svedberg without a rebound.
19:39 of 2nd period - Joel Armia wins face-off versus Vincent Trocheck in Carnivores zone.
19:50 of 2nd period - Wrist shot by Vincent Trocheck.
19:50 of 2nd period - Stopped by Niklas Svedberg with a rebound.
19:52 of 2nd period - Snap shot by Tomas Tatar.
19:52 of 2nd period - Shot Misses the Net.
Goals for this period are 1 for Carnivores vs 1 for Sewer Rats.
Shots for this period are 13 for Carnivores vs 17 for Sewer Rats.
3rd period
0:01 of 3rd period - Anton Gustafsson wins face-off versus Vincent Trocheck in neutral zone.
0:12 of 3rd period - Slapshot by Blake Geoffrion.
0:12 of 3rd period - Shot Misses the Net.
1:13 of 3rd period - Snap shot by Anthony Duclair.
1:13 of 3rd period - Stopped by Niklas Svedberg without a rebound.
1:14 of 3rd period - Lucas Wallmark wins face-off versus Tyler Motte in Carnivores zone.
1:14 of 3rd period - Lucas Wallmark is hit by John Ramage.
1:21 of 3rd period - Minor Penalty to Tyler Motte for Hooking.
1:22 of 3rd period - Anton Gustafsson wins face-off versus Tomas Tatar in Sewer Rats zone.
1:34 of 3rd period - Wrist shot by Tomas Tatar.
1:34 of 3rd period - Goal by Tomas Tatar - Carnivores : 3 - Sewer Rats : 3.
1:35 of 3rd period - Tomas Tatar wins face-off versus Anton Gustafsson in neutral zone.
1:40 of 3rd period - Anton Gustafsson is hit by Vincent Trocheck and loses puck.
2:01 of 3rd period - Vincent Trocheck is hit by Jeremy Welsh and loses puck.
3:13 of 3rd period - Jeremy Welsh is hit by Erik Condra and loses puck.
3:21 of 3rd period - Penalty to Tyler Motte is over, Tyler Motte is back on ice.
3:38 of 3rd period - Slapshot by Anthony Duclair.
3:38 of 3rd period - Stopped by Niklas Svedberg without a rebound.
3:39 of 3rd period - Curtis Lazar wins face-off versus Dmitrij Jaskin in Carnivores zone.
4:02 of 3rd period - Jarred Tinordi is hit by Jeremy Welsh and loses puck.
4:51 of 3rd period - Oskar Lindblom is hit by Tyler Motte and loses puck.
5:04 of 3rd period - Snap shot by Vincent Trocheck.
5:04 of 3rd period - Deflect By Tomas Tatar.
5:04 of 3rd period - Stopped by Niklas Svedberg without a rebound.
5:05 of 3rd period - Curtis Lazar wins face-off versus Erik Condra in Carnivores zone.
5:05 of 3rd period - Curtis Lazar is hit by Joel Edmundson.
5:15 of 3rd period - Wrist shot by Nicolas Kerdiles.
5:15 of 3rd period - Stopped by Darcy Kuemper without a rebound.
5:16 of 3rd period - Anton Gustafsson wins face-off versus Vincent Trocheck in Sewer Rats zone.
5:21 of 3rd period - Wrist shot by Anton Gustafsson.
5:21 of 3rd period - Shot Blocked by Vincent Trocheck.
5:23 of 3rd period - Snap shot by Joel Armia.
5:23 of 3rd period - Deflect By Blake Geoffrion.
5:23 of 3rd period - Shot Misses the Net.
5:23 of 3rd period - Puck is out of play.
5:24 of 3rd period - Vincent Trocheck wins face-off versus Anton Gustafsson in Sewer Rats zone.
5:24 of 3rd period - Vincent Trocheck is hit by Anton Gustafsson.
5:27 of 3rd period - Minor Penalty to Jarred Tinordi for Tripping.
5:28 of 3rd period - Vincent Trocheck wins face-off versus Anton Gustafsson in Sewer Rats zone.
5:44 of 3rd period - Snap shot by Vincent Trocheck.
5:44 of 3rd period - Shot Misses the Net.
5:58 of 3rd period - Slapshot by Tony DeAngelo.
5:58 of 3rd period - Shot Blocked by John Ramage.
6:00 of 3rd period - Snap shot by Tony DeAngelo.
6:00 of 3rd period - Stopped by Darcy Kuemper with a rebound.
6:02 of 3rd period - Wrist shot by Markus Granlund.
6:02 of 3rd period - Shot Misses the Net.
6:04 of 3rd period - Slapshot by Tony DeAngelo.
6:04 of 3rd period - Shot Blocked by Vincent Trocheck.
6:32 of 3rd period - Erik Condra is hit by T.J Brodie and loses puck.
6:50 of 3rd period - Off-side.
6:51 of 3rd period - Markus Granlund wins face-off versus Joseph Blandisi in neutral zone.
6:54 of 3rd period - Joseph Blandisi is hit by David Fischer and loses puck.
7:17 of 3rd period - Blake Geoffrion is hit by Vincent Trocheck and loses puck.
7:27 of 3rd period - Penalty to Jarred Tinordi is over, Jarred Tinordi is back on ice.
7:41 of 3rd period - Joseph Blandisi is hit by Nicolas Kerdiles.
7:49 of 3rd period - John Ramage is hit by Nicolas Kerdiles and loses puck.
8:00 of 3rd period - Lucas Wallmark is hit by John Ramage and loses puck.
9:21 of 3rd period - Icing by Jarred Tinordi.
9:22 of 3rd period - Tyler Motte wins face-off versus Curtis Lazar in Sewer Rats zone.
10:11 of 3rd period - Chris Lawrence is hit by Joel Edmundson and loses puck.
10:35 of 3rd period - Snap shot by Anthony Duclair.
10:35 of 3rd period - Shot Misses the Net.
11:05 of 3rd period - Curtis Lazar is hit by Stefan Elliott and loses puck.
11:20 of 3rd period - Wrist shot by Erik Condra.
11:20 of 3rd period - Stopped by Niklas Svedberg with a rebound.
11:22 of 3rd period - Slapshot by Joel Edmundson.
11:22 of 3rd period - Deflect By Vincent Trocheck.
11:22 of 3rd period - Shot Misses the Net.
11:22 of 3rd period - Puck is out of play.
11:23 of 3rd period - Vincent Trocheck wins face-off versus Anton Gustafsson in Carnivores zone.
11:32 of 3rd period - Snap shot by Tomas Tatar.
11:32 of 3rd period - Shot Misses the Net.
11:34 of 3rd period - Slapshot by Erik Condra.
11:34 of 3rd period - Goal by Erik Condra - Carnivores : 3 - Sewer Rats : 4.
11:35 of 3rd period - Anton Gustafsson wins face-off versus Vincent Trocheck in neutral zone.
11:48 of 3rd period - Wrist shot by Anton Gustafsson.
11:48 of 3rd period - Stopped by Darcy Kuemper with a rebound.
11:50 of 3rd period - Slapshot by David Fischer.
11:50 of 3rd period - Shot Misses the Net.
12:22 of 3rd period - Minor Penalty to Nicolas Kerdiles for Slashing.
12:23 of 3rd period - Anton Gustafsson wins face-off versus Erik Condra in Carnivores zone.
14:22 of 3rd period - Penalty to Nicolas Kerdiles is over, Nicolas Kerdiles is back on ice.
14:28 of 3rd period - Blake Geoffrion is hit by Nick Cousins and loses puck.
14:39 of 3rd period - Wrist shot by Anthony Duclair.
14:39 of 3rd period - Stopped by Niklas Svedberg with a rebound.
14:41 of 3rd period - Slapshot by Tyler Motte.
14:41 of 3rd period - Stopped by Niklas Svedberg with a rebound.
14:43 of 3rd period - Slapshot by Ryan Murphy.
14:43 of 3rd period - Shot Misses the Net.
17:58 of 3rd period - Icing by Curtis Lazar.
17:59 of 3rd period - Jonathan Marchessault wins face-off versus Lucas Wallmark in Carnivores zone.
18:04 of 3rd period - Slapshot by Jonathan Marchessault.
18:04 of 3rd period - Deflect By Joseph Blandisi.
18:04 of 3rd period - Stopped by Niklas Svedberg with a rebound.
18:10 of 3rd period - David Fischer is hit by Jonathan Marchessault and loses puck.
18:31 of 3rd period - Snap shot by Chris Lawrence.
18:31 of 3rd period - Deflect By Oskar Lindblom.
18:31 of 3rd period - Stopped by Darcy Kuemper with a rebound.
18:33 of 3rd period - Snap shot by Oskar Lindblom.
18:33 of 3rd period - Shot Misses the Net.
18:35 of 3rd period - Slapshot by T.J Brodie.
18:35 of 3rd period - Deflect By Oskar Lindblom.
18:35 of 3rd period - Shot Blocked by Ryan Murphy.
18:35 of 3rd period - Puck is out of play.
18:36 of 3rd period - Markus Granlund wins face-off versus Vincent Trocheck in Sewer Rats zone.
18:39 of 3rd period - Slapshot by Chris Lawrence.
18:39 of 3rd period - Stopped by Darcy Kuemper without a rebound.
18:40 of 3rd period - Curtis Lazar wins face-off versus Vincent Trocheck in Sewer Rats zone.
19:27 of 3rd period - Carnivores, Niklas Svedberg is pulled from the net.
19:56 of 3rd period - Minor Penalty to Stefan Elliott for Hooking.
19:57 of 3rd period - Joseph Blandisi wins face-off versus Markus Granlund in Sewer Rats zone.
Goals for this period are 0 for Carnivores vs 2 for Sewer Rats.
Shots for this period are 5 for Carnivores vs 9 for Sewer Rats.
Back to the Top